 Dungeon Crawl Stone Soup version 0.27-a0-1217-g8a41f320e8 (webtiles) character file.

Game seed: 15830811796968864486

844 roflturtle the Changer (level 7, -6/57 HPs)
             Began as a Red Draconian Transmuter on June 6, 2021.
             Engulfed by a steam dragon's steam (9 damage)
             ... on level 4 of the Dungeon.
             The game lasted 00:13:07 (4799 turns).

roflturtle the Changer (Red Draconian Transmuter)   Turns: 4799, Time: 00:13:08

Health: -6/57      AC:  2    Str: 12    XL:     7   Next: 68%
Magic:  11/13      EV: 20    Int: 16    God:
Gold:   170        SH:  0    Dex: 16    Spells: 8/14 levels left

rFire    . . .     SeeInvis .     - Unarmed
rCold    . . .     Faith    .   (shield currently unavailable)
rNeg     . . .     Spirit   .   (armour unavailable)
rPois    x         Reflect  .   (helmet currently unavailable)
rElec    .         Harm     .   (cloak currently unavailable)
rCorr    .         Rampage  .   (gloves currently unavailable)
Will     .....                  (boots currently unavailable)
Stlth    +.........             (no amulet)
HPRegen  0.19/turn              (no ring)
MPRegen  0.13/turn              (no ring)

@: spider-form
A: venomous fangs, (breathe fire), AC +6, tiny, unfitting armour, (fire
resistance 1), (cold-blooded)
a: End Transformation


You were on level 4 of the Dungeon.
You were a venomous arachnid creature.
You visited 1 branch of the dungeon, and saw 5 of its levels.

You collected 170 gold pieces.

Inventory:

Missiles
 g - 2 throwing nets
Jewellery
 o - an amulet of guardian spirit
Wands
 m - a wand of paralysis (11)
 n - a wand of iceblast (11)
Scrolls
 a - a scroll of noise {unknown}
 c - 5 scrolls of identify {unknown}
 d - 2 scrolls of teleportation {unknown}
 e - a scroll of fear {unknown}
 h - 2 scrolls of silence {unknown}
 i - 2 scrolls of blinking {unknown}
 k - a scroll of acquirement {unknown}
Potions
 b - 3 potions of curing
 f - 2 potions of lignification {unknown}
 j - a potion of might {unknown}
 l - a potion of ambrosia {unknown}


   Skills:
 - Level 3.0 Fighting
 - Level 3.1 Dodging
 - Level 3.0 Unarmed Combat
 - Level 4.2 Spellcasting
 + Level 5.9 Transmutations
 - Level 3.0 Poison Magic


You had 8 spell levels left.
You knew the following spells:

 Your Spells              Type           Power      Damage    Failure   Level
a - Beastly Appendage     Tmut           44%        N/A       7%          1
b - Wereblood             Tmut           22%        N/A       9%          2
c - Spider Form           Tmut/Pois      8%         N/A       21%         3

Your spell library contained the following spells:

 Spells                   Type           Power      Damage    Failure   Level
 Summon Small Mammal      Summ           12%        N/A       36%         1
 Call Imp                 Summ           3%         N/A       47%         2
 Hydra Form               Tmut           11%        N/A       61%         5
 Ice Form                 Ice/Tmut       12%        N/A       65%         4
 Call Canine Familiar     Summ           3%         N/A       67%         3
 Summon Guardian Golem    Hex/Summ       3%         N/A       67%         3
 Summon Ice Beast         Ice/Summ       3%         N/A       95%         4
 Summon Lightning Spire   Summ/Air       3%         N/A       95%         4


Dungeon Overview and Level Annotations

Branches:
Dungeon (5/15)
 Temple: D:4-7

Altars:
Elyvilon
Vehumet
The Shining One


Innate Abilities, Weirdness & Mutations

You are a venomous arachnid creature.
You have poisonous fangs.
You are tiny and dextrous.
Your spellcasting is less reliable in this form.
Your armour is entirely melded.
You are incapable of wielding weapons or throwing items.
((You can breathe blasts of fire.))
((Your fiery red scales are hard. (AC +6)))
You cannot fit into any form of body armour.
((Your flesh is heat resistant. (rF+)))
((You are cold-blooded and may be slowed by cold attacks.))


Message History

The ufetubus barely misses you. The ufetubus hits you.
You hit the ufetubus.
You kill the ufetubus!
The steam dragon breathes steam at you. The ball of steam hits you!!
A jelly comes into view.
The jelly quivers.
You see here an amulet of guardian spirit.
o - an amulet of guardian spirit The steam dragon breathes steam at you.
The ball of steam hits you!
The water moccasin zombie completely misses you.
You hear a shout!
There is a stone staircase leading up here.
You are engulfed in a cloud of scalding steam.
The water moccasin zombie completely misses you.
The steam dragon misses you. x2
You climb upwards.
There is a stone staircase leading down here.
You bite the steam dragon!
The steam dragon is poisoned.
The steam dragon is moderately wounded.
The steam dragon misses you. The steam dragon claws you.
You hit the steam dragon.
The steam dragon looks as sick as possible!
The steam dragon is moderately wounded.
The steam dragon closely misses you. The steam dragon completely misses you.
You barely miss the steam dragon.
The steam dragon is moderately wounded.
The steam dragon misses you. The steam dragon claws you.
You hit the steam dragon but do no damage.
The steam dragon looks as sick as possible!
The steam dragon is heavily wounded.
The steam dragon breathes steam at you. The ball of steam hits you!!
* * * LOW HITPOINT WARNING * * *
You hit the steam dragon.
The steam dragon looks as sick as possible!
The steam dragon is heavily wounded.
You are engulfed in a cloud of scalding steam.
You die...

##.........##........####
##.....#............#...
#######..#...#.....#...
#####.##........#
####............#.
###.##.........####.
#§............## #..
#.§...........# ##.
#..s.........## #.
#..#D........# #.
#####...##..## #.
######.## ## ###


You could see a steam dragon (extremely poisoned, catching breath).

Vanquished Creatures
  Sigmund (D:3)
  An ogre (D:4)
  A phantom (D:4)
  3 scorpions (D:4)
  2 hounds (D:2)
  An orc priest (D:4)
  2 iguanas (D:4)
  2 orc wizards (D:4)
  4 adders
  3 gnolls (D:2)
  An ufetubus (D:5)
  An adder skeleton (D:4)
  A worm (D:3)
  2 dart slugs (D:2)
  6 orcs
  10 ball pythons
  4 endoplasms
  2 giant cockroaches
  5 goblins
  6 hobgoblins
  4 jackals (D:1)
  7 quokkas
  3 bats (D:2)
  6 frilled lizards
  7 kobolds
  5 rats
90 creatures vanquished.

Notes
Turn   | Place    | Note
-------+----------+-------------------------------------------
     0 | D:1      | roflturtle the Draconian Transmuter began the quest for the
                  | Orb.
     0 | D:1      | Reached XP level 1. HP: 16/16 MP: 3/3
    21 | D:1      | Found a faded altar of an unknown god.
   283 | D:1      | Reached XP level 2. HP: 21/23 MP: 3/5
   656 | D:1      | Reached skill level 3 in Transmutations
   660 | D:1      | Learned a level 2 spell: Wereblood
  1199 | D:2      | Reached XP level 3. HP: 23/30 MP: 6/6
  1203 | D:2      | Learned a level 3 spell: Spider Form
  1308 | D:2      | Reached XP level 4. HP: 38/38 MP: 3/7
  1313 | D:2      | Reached skill level 1 in Poison Magic
  2577 | D:3      | Reached XP level 5. HP: 36/45 MP: 6/8
  2925 | D:3      | Found a radiant altar of Vehumet.
  2925 | D:3      | Found a glowing golden altar of the Shining One.
  2941 | D:3      | Noticed Sigmund
  2959 | D:3      | Killed Sigmund
  2960 | D:3      | Reached skill level 4 in Transmutations
  2960 | D:3      | Reached XP level 6. HP: 23/51 MP: 6/9
  3231 | D:3      | Reached skill level 5 in Transmutations
  4034 | D:4      | Your scales start taking on a fiery red colour.
  4034 | D:4      | Reached XP level 7. HP: 52/57 MP: 8/12
  4034 | D:4      | Gained mutation: Your flesh is heat resistant. (rF+) [Red
                  | Draconian growth]
  4560 | D:4      | Found a white marble altar of Elyvilon.
  4784 | D:5      | Entered Level 5 of the Dungeon
  4784 | D:5      | Noticed a steam dragon
  4799 | D:4      | Engulfed by a steam dragon's steam

Illustrated notes

Levels and vault maps discovered:
D:1:      nicolae_arrival_somewhat_less_tricky_arrival, layout_basic,
          basic_ecumenical_altar, eino_curves_04
D:2:      layout_basic, kennysheep_boxes
D:3:      minmay_diamond_boxcup, layout_loops_corners,
          gammafunk_temple_overflow_statue, gup_sewer_entry_spiral, uniq_sigmund
D:4:      layout_cave_pools, kennysheep_mini_moat, roderic_serpentine_path
D:5:      layout_rooms, lemuel_doored_altar, serial_bayou_pond_a,
          uniq_blork_the_orc, uniq_ijyb, uniq_crazy_yiuf_cottage

Skill      XL: |  1  2  3  4  5  6  7 |
---------------+----------------------+-----
Dodging        | 2 3 |  3.1
Transmutations | 3 4 5 |  5.9
Fighting       | 2 3 |  3.0
Poison Magic   | 2 3 |  3.0
Spellcasting   | 3 4 |  4.2
Unarmed Combat | |  3.0

Action                   |  1- 3 |  4- 6 |  7- 9 || total
-------------------------+-------+-------+-------++-------
Melee: Unarmed           |   109 |   200 |    54 ||   363
       Kick              |     6 |     5 |       ||    11
       Headbutt          |     4 |     3 |       ||     7
       Tailslap          |     8 |    13 |     2 ||    23
       Punch             |     1 |       |       ||     1
 Cast: Beastly Appendage |     6 |     4 |       ||    10
       Spider Form       |     1 |     7 |     5 ||    13
 Abil: Breathe Fire      |       |       |     3 ||     3
 Stab: Sleeping          |     1 |       |       ||     1
Armor: Skin              |    25 |    33 |     4 ||    62
Dodge: Dodged            |    56 |   116 |    47 ||   219

Table legend: (Time is in decaauts)
 A = Elapsed time spent in this place.
 B = Non-inter-level travel time spent in this place.
 C = Inter-level travel time spent in this place.
 D = Time resting spent in this place.
 E = Time spent auto-exploring this place.
 F = Levels seen in this place.
 G = Mean time per level.
                   A        B        C        D        E       F      G
               +--------+--------+--------+--------+--------+-----+--------+
         Total |   4817 |   4732 |     85 |    278 |   3578 |   5 |  963.4 |
       Dungeon |   4817 |   4732 |     85 |    278 |   3578 |   5 |  963.4 |
               +--------+--------+--------+--------+--------+-----+--------+

Top non-repeatable levels by time:
     D:3: 1393 daAuts
     D:1: 1170 daAuts
     D:2: 1131 daAuts
     D:4: 1113 daAuts
     D:5: 9 daAuts
